 Dungeon Crawl Stone Soup version 0.19-b1-4-gd8a0a2a (webtiles) character file.

100 LORDOFBUTT the Magician (level 4, -1/24 HPs)
             Began as a Deep Elf Air Elementalist on Oct 31, 2016.
             Slain by a sky beast (4 damage)
             ... on level 3 of the Dungeon.
             The game lasted 00:05:46 (1672 turns).

LORDOFBUTT the Magician (Deep Elf Air Elementalist) Turns: 1672, Time: 00:05:47

Health: -1/24      AC:  3    Str:  5    XL:     4   Next: 46%
Magic:  12/12      EV: 12    Int: 21    God:
Gold:   72         SH:  0    Dex: 15    Spells: 3 memorised, 6 levels left

rFire  . . .     SeeInvis .     f - +0 dagger
rCold  . . .     Gourm    .     e - +0 leather armour
rNeg   . . .     Faith    .     (no shield)
rPois  .         Spirit   .     (no helmet)
rElec  .         Reflect  .     (no cloak)
rCorr  .         Harm     .     (no gloves)
MR     .....                    (no boots)
Stlth  ++........               (no amulet)
                                (no ring)
                                (no ring)

@: repel missiles
A: no striking features
a: no special abilities


You were on level 3 of the Dungeon.
You were not hungry.

You visited 1 branch of the dungeon, and saw 3 of its levels.

You collected 72 gold pieces.

Inventory:

Hand Weapons
 f - a +0 dagger (weapon)
Armour
 a - a +0 robe
 e - a +0 leather armour (worn)
Scrolls
 m - a scroll of blinking {unknown}
 o - a scroll of remove curse {unknown}
Potions
 g - a potion of cancellation {unknown}
 h - 2 potions of lignification {unknown}
 k - a potion of curing {unknown}
Books
 b - a book of Air

   Spells                             Type                      Level
   a - Shock                          Conjuration/Air              1
   b - Swiftness                      Charms/Air                   2
   c - Repel Missiles                 Charms/Air                   2
   d - Static Discharge               Conjuration/Air              3
   e - Lightning Bolt                 Conjuration/Air              5
Comestibles
 c - 3 bread rations
 d - a meat ration


   Skills:
 + Level 3.4 Dodging
 + Level 2.8 Stealth
 * Level 4.3 Spellcasting
 + Level 1.4 Conjurations
 + Level 3.9 Air Magic


You had 6 spell levels left.
You knew the following spells:

 Your Spells              Type           Power        Failure   Level  Hunger
a - Shock                 Conj/Air       ###.         10%         1    None
b - Swiftness             Chrm/Air       ##......     14%         2    #......
c - Repel Missiles        Chrm/Air       ##....       14%         2    #......


Dungeon Overview and Level Annotations

Branches:
Dungeon (3/15)

Altars:
Elyvilon
Kikubaaqudgha

Annotations:
D:3 fishi's ghost, weakling OpGl


Message History

The sky beast flickers out of sight!
Deactivating autopickup; reactivate with Ctrl-A.
A sky beast appears from thin air!
Reactivating autopickup.
Found a short sword.
Your magical contamination has completely faded away.
The sky beast flickers out of sight!
Deactivating autopickup; reactivate with Ctrl-A.
Casting: Shock
Confirm with . or Enter, or press ? or * to list all spells.
Aiming: Shock
Press: ? - help, Shift-Dir - straight line Something hits you.
* * * LOW HITPOINT WARNING * * *
Something shocks you.
* * * LOW HITPOINT WARNING * * *
A sky beast appears from thin air!
Reactivating autopickup.
You open the door. The sky beast hits you.
You die...

z....# .....#
)###.# .......
.#.#.##. # .#.#
... .... ....#
...##
###...###########
#.##
......'@Y.......#
..
.##...#########.#
#.# +.. ..# #.#
#. #.# #.# #
####.# #.#
###....###.#
#..........#
#.#.######## #..#
#.#..)


You could see a sky beast.

Vanquished Creatures
  5 adders (D:2)
  2 oozes (D:1)
  3 dart slugs
  3 leopard geckos
  2 giant cockroaches (D:2)
  5 hobgoblins
  6 kobolds
  A bat (D:2)
  2 frilled lizards
  7 goblins
  4 rats
40 creatures vanquished.

Notes
Turn   | Place    | Note
-------+----------+-------------------------------------------
     0 | D:1      | LORDOFBUTT the Deep Elf Air Elementalist began the quest for the Orb.
     0 | D:1      | Reached XP level 1. HP: 10/10 MP: 6/6
   124 | D:1      | Reached XP level 2. HP: 15/15 MP: 2/8
   783 | D:2      | Reached XP level 3. HP: 19/19 MP: 6/10
  1018 | D:2      | Reached XP level 4. HP: 24/24 MP: 8/11
  1039 | D:2      | Reached skill level 4 in Spellcasting
  1124 | D:2      | Learned a level 2 spell: Swiftness
  1127 | D:2      | Learned a level 2 spell: Repel Missiles
  1235 | D:2      | Found a white marble altar of Elyvilon.
  1236 | D:2      | Found an ancient bone altar of Kikubaaqudgha.
  1548 | D:3      | Noticed fishi's ghost (weakling OpGl)
  1636 | D:3      | Noticed a sky beast
  1672 | D:3      | Slain by a sky beast

Skill      XL: |  1  2  3  4 |
---------------+-------------+-----
Dodging        | 3 |  3.4
Spellcasting   | 4 |  4.3
Stealth        | |  2.8
Conjurations   | |  1.4
Air Magic      | |  3.9

Action                   |  1- 3 |  4- 6 || total
-------------------------+-------+-------++-------
Melee: Dagger            |     8 |     7 ||    15
       Unarmed           |     5 |       ||     5
 Cast: Shock             |    59 |    30 ||    89
       Repel Missiles    |       |     1 ||     1
  Use: Scroll            |       |     3 ||     3
 Stab: Sleeping          |       |     1 ||     1
  Eat: Beef jerky        |       |     1 ||     1
       Chunk             |       |     1 ||     1
Armor: Leather armour    |     1 |     4 ||     5
Dodge: Dodged            |    12 |    11 ||    23
